[ AOE2 MATCH · #506707476 ]
UnrankedPoles vs Burgundians
Player's team · WIN
[ REPLAY ANALYSIS · EXTRACTED FROM THE RECORDED GAME ]
Feudal
8:35
Castle
—
Imperial
—
| APM avg | 55.0 |
| APM peak | 91 |
| eAPM avg | 26.7 |
| Villagers / military | 54 / 0 |
Focus
⚔️ 36.6% · 🌾 63.4%
Feudal
11:21
Castle
15:15
Imperial
—
| APM avg | 24.5 |
| APM peak | 42 |
| eAPM avg | 17.7 |
| Villagers / military | 32 / 0 |
Focus
⚔️ 27.0% · 🌾 73.0%
Match map
Initial resources + every placement click. Lines = walls · curves = elevation contours. ◆ gold · ⬟ stone · ● berries · ✦ relic · ◌ wall gap
Your base· ✓ Closed at 12:00 · 0t walls · 2 gate(s)
Sportfan's base· ✓ Closed at 15:15 · 24t walls · 2 gate(s)
Smoothed initial terrain · ◌ = detected wall gap · hover for details
Inputs per minute
— DS_Gabo - - Sportfan
Build order — DS_Gabo
85 actions detected in the replay
| 0:00 | Queue | Villager (Male) |
| 0:01 | Queue | Villager (Male) |
| 0:01 | Queue | Villager (Male) |
| 0:02 | Build | House |
| 0:04 | Build | House |
| 0:05 | Queue | Villager (Male) |
| 1:25 | Queue | Villager (Male) |
| 1:43 | Queue | Villager (Male) |
| 1:45 | Build | Mill |
| 2:05 | Queue | Villager (Male) |
| 2:38 | Queue | Villager (Male) |
| 2:54 | Queue | Villager (Male) |
| 3:24 | Queue | Villager (Male) |
| 3:34 | Queue | Villager (Male) |
| 3:43 | Queue | Villager (Male) |
| 3:44 | Queue | Villager (Male) |
| 3:58 | Queue | Villager (Male) |
| 4:14 | Queue | Villager (Male) |
| 4:30 | Queue | Villager (Male) |
| 4:51 | Queue | Villager (Male) |
| 4:51 | Queue | Villager (Male) ×2 |
| 5:21 | Queue | Villager (Male) |
| 5:42 | Build | Lumber Camp |
| 6:23 | Research | Feudal Age |
| 7:34 | Build | Mining Camp |
| 7:55 | Build | House |
| 8:08 | Research | Loom |
| 8:08 | Queue | Villager (Male) |
| 8:35 | Age | Feudal Age |
| 8:38 | Build | Watch Tower |
| 8:50 | Queue | Villager (Male) |
| 9:26 | Queue | Villager (Male) |
| 9:26 | Queue | Villager (Male) ×5 |
| 9:27 | Queue | Villager (Male) ×5 |
| 9:36 | Build | Mill |
| 10:01 | Build | Watch Tower |
| 10:22 | Queue | Villager (Male) |
| 11:09 | Build | Watch Tower |
| 11:38 | Queue | Villager (Male) |
| 11:43 | Research | Double-Bit Axe |
| 11:47 | Research | Horse Collar |
| 11:54 | Queue | Villager (Male) |
| 11:56 | Queue | Villager (Male) |
| 12:29 | Queue | Villager (Male) ×3 |
| 12:42 | Build | House |
| 13:03 | Queue | Villager (Male) |
| 13:21 | Build | Watch Tower |
| 13:29 | Build | Farm |
| 13:29 | Build | Farm |
| 13:29 | Build | Farm |
| 13:30 | Build | Farm |
| 13:30 | Build | Farm |
| 13:30 | Build | Farm |
| 13:30 | Build | Farm |
| 14:23 | Queue | Villager (Male) ×3 |
| 14:23 | Queue | Villager (Male) ×3 |
| 14:25 | Build | Farm |
| 14:25 | Build | Farm |
| 14:25 | Build | Farm |
| 14:26 | Build | Farm |
| 14:26 | Build | Farm |
| 14:26 | Build | Farm |
| 14:26 | Build | Farm |
| 14:26 | Build | Farm |
| 14:37 | Build | House |
| 14:54 | Build | Stone Wall |
| 15:07 | Build | Stone Wall |
| 15:13 | Build | Stone Wall |
| 15:15 | Build | Stone Wall |
| 15:17 | Build | Stone Wall |
| 15:24 | Queue | Villager (Male) |
| 15:29 | Build | Farm |
| 15:31 | Build | Farm |
| 15:32 | Build | Farm |
| 15:32 | Build | Farm |
| 15:32 | Build | Farm |
| 15:32 | Build | Farm |
| 15:33 | Build | Farm |
| 15:33 | Build | Farm |
| 15:33 | Build | Farm |
| 15:34 | Queue | Villager (Male) ×3 |
| 15:45 | Queue | Villager (Male) |
| 15:53 | Build | Watch Tower |
| 15:53 | Queue | Villager (Male) |
| 15:53 | Queue | Villager (Male) |
Build order — Sportfan
70 actions detected in the replay
| 0:01 | Queue | Villager (Male) |
| 0:01 | Queue | Villager (Male) |
| 0:02 | Build | House |
| 0:03 | Build | House |
| 0:15 | Queue | Villager (Male) |
| 0:15 | Queue | Villager (Male) |
| 0:15 | Queue | Villager (Male) |
| 1:25 | Queue | Villager (Male) |
| 2:01 | Queue | Villager (Male) |
| 2:14 | Build | Lumber Camp |
| 2:20 | Queue | Villager (Male) |
| 2:36 | Queue | Villager (Male) |
| 2:36 | Queue | Villager (Male) |
| 2:51 | Queue | Villager (Male) |
| 2:52 | Queue | Villager (Male) |
| 3:19 | Research | Double-Bit Axe |
| 3:19 | Research | Double-Bit Axe |
| 3:42 | Queue | Villager (Male) |
| 3:50 | Build | House |
| 4:04 | Queue | Villager (Male) |
| 4:04 | Queue | Villager (Male) |
| 4:22 | Queue | Villager (Male) |
| 4:22 | Queue | Villager (Male) |
| 4:57 | Queue | Villager (Male) |
| 4:58 | Queue | Villager (Male) |
| 4:58 | Queue | Villager (Male) |
| 4:58 | Queue | Villager (Male) |
| 5:14 | Queue | Villager (Male) |
| 5:33 | Build | Mill |
| 5:57 | Build | House |
| 6:17 | Research | Horse Collar |
| 6:17 | Research | Horse Collar |
| 6:27 | Build | Farm |
| 6:37 | Queue | Villager (Male) |
| 7:02 | Queue | Villager (Male) |
| 7:05 | Queue | Villager (Male) |
| 7:08 | Build | Farm |
| 7:26 | Queue | Villager (Male) |
| 7:30 | Queue | Villager (Male) |
| 7:49 | Build | Farm |
| 8:33 | Queue | Villager (Male) |
| 8:45 | Build | Palisade Wall |
| 8:49 | Build | House |
| 8:56 | Build | Mining Camp |
| 9:02 | Research | Feudal Age |
| 9:17 | Build | Palisade Wall |
| 9:25 | Build | Palisade Wall |
| 9:26 | Build | Palisade Wall |
| 9:29 | Build | Palisade Wall |
| 10:10 | Queue | Villager (Male) |
| 10:10 | Queue | Villager (Male) |
| 11:12 | Build | House |
| 11:21 | Age | Feudal Age |
| 11:24 | Build | Lumber Camp |
| 11:26 | Queue | Villager (Male) |
| 11:31 | Build | Blacksmith |
| 11:34 | Build | Market |
| 12:08 | Build | Farm |
| 12:13 | Build | House |
| 12:16 | Build | House |
| 12:35 | Research | Castle Age |
| 12:35 | Research | Castle Age |
| 12:39 | Build | House |
| 12:42 | Build | House |
| 13:27 | Build | Watch Tower |
| 13:37 | Build | Mining Camp |
| 14:39 | Research | Loom |
| 14:39 | Queue | Villager (Male) |
| 14:46 | Build | Farm |
| 15:15 | Age | Castle Age |
Match timeline
| 8:35 | DS_Gabo · age_up feudal |
| 8:45 | Sportfan · wall_segment Palisade Wall x8 |
| 9:17 | Sportfan · wall_segment Palisade Wall x7 |
| 9:25 | Sportfan · wall_segment Palisade Wall x3 |
| 9:26 | Sportfan · wall_segment Palisade Wall x2 |
| 9:29 | Sportfan · wall_segment Palisade Wall x4 |
| 11:21 | Sportfan · age_up feudal |
| 14:54 | DS_Gabo · wall_segment Stone Wall x1 |
| 15:07 | DS_Gabo · wall_segment Stone Wall x1 |
| 15:13 | DS_Gabo · wall_segment Stone Wall x1 |
| 15:15 | Sportfan · age_up castle |
| 15:15 | DS_Gabo · wall_segment Stone Wall x1 |
| 15:17 | DS_Gabo · wall_segment Stone Wall x1 |
| 15:22 | Sportfan · first_market_sell 100 food |
| 15:23 | Sportfan · first_market_buy 100 wood |
| 15:56 | Sportfan · resign |
[ AI ANALYSIS · 1 CREDIT ]
What really happened in this match?
Wolo.gg analyzes every decision: build order, eco, micro, common mistakes by bracket. Personalized analysis on WhatsApp or Discord in 30 seconds.
Civ guide
Poles
Perfil
Jugador #22080934